 Dungeon Crawl Stone Soup version 0.31-a0-705-ga145531891 (webtiles) character file.

Game seed: 612427949801079970

698 Dirtsage the Ruffian (level 7, -2/52 HPs)
             Began as a Demonspawn Shapeshifter on Sept 9, 2023.
             Was a Believer of Uskayaw.
             Slain by Sigmund
             ... wielding a +5 scythe of protection
              (8 damage)
             ... on level 5 of the Dungeon.
             The game lasted 00:06:31 (3131 turns).

Dirtsage the Ruffian (Demonspawn Shapeshifter)      Turns: 3131, Time: 00:06:31

Health: -2/52      AC:  6    Str: 16    XL:     7   Next: 38%
Magic:  8/8        EV: 10    Int: 12    God:    Uskayaw [**....]
Gold:   154        SH:  4    Dex: 12    Spells: 6/6 levels left

rFire   . .          .
                       - Unarmed
rCold   . . .        t - +0 buckler
rNeg    . . .        p - +0 ring mail
rPois   +            (helmet currently unavailable)
rElec   .            (cloak currently unavailable)
rCorr   .            (gloves currently unavailable)
SInv    .            (boots currently unavailable)
Will    .....        r - amulet of regeneration
Stlth   +            P - ring of poison resistance
HPRegen 1.08/turn    A - +4 ring of protection
MPRegen 0.22/turn

%: no passive effects
@: beast-form, corroded
A: beast (slay +2), antennae 2, magic regeneration, sharp scales 1, demonic
magic 1
a: Begin Untransformation, Renounce Religion, Stomp, Line Pass


You were on level 5 of the Dungeon.
You worshipped Uskayaw.
Uskayaw was noncommittal.
You were a hulking beast.
You visited 2 branches of the dungeon, and saw 6 of its levels.

You collected 284 gold pieces.
You spent 130 gold pieces at shops.

Inventory:

Armour
 a - a +0 animal skin
 g - a +0 leather armour
 p - a +0 ring mail (worn)
 t - a +0 buckler (worn)
 w - a +1 plate armour of fire resistance
 z - a +0 pair of boots
 B - a scarf of resistance
Magical Staves
 n - a staff of cold
 C - a staff of death
Jewellery
 r - an amulet of regeneration (around neck)
 A - a +4 ring of protection (right hand)
 P - a ring of poison resistance (left hand)
Talismans
 c - a beast talisman (active)
 d - a flux talisman
 s - a serpent talisman
Scrolls
 e - a scroll of fear {unknown}
 k - 6 scrolls of identify {unknown}
 o - a scroll of revelation {unknown}
 q - a scroll of noise {unknown}
 u - 3 scrolls of teleportation {unknown}
 v - 2 scrolls of enchant weapon {unknown}
 x - 3 scrolls of butterflies {unknown}
 y - 2 scrolls of immolation {unknown}
Potions
 b - a potion of lignification
 f - a potion of attraction {unknown}
 h - a potion of degeneration {unknown}
 i - 2 potions of invisibility {unknown}
 j - a potion of berserk rage {unknown}
 l - 7 potions of heal wounds
 m - 2 potions of cancellation {unknown}


   Skills:
 + Level 3.6 Fighting
 - Level 1.7 Dodging
 + Level 2.3 Shields
 * Level 5.5 Unarmed Combat
 + Level 1.9 Invocations
 + Level 4.0 Shapeshifting


You had 6 spell levels left.
You didn't know any spells.
Your spell library contained the following spells:

 Spells                   Type           Power      Damage    Failure   Level
 Magic Dart               Conj           0%         1d3       63%         1
 Call Imp                 Summ           0%         N/A       77%         2
 Call Canine Familiar     Summ           0%         N/A       94%         3
 Mephitic Cloud           Conj/Pois/Air  0%         N/A       94%         3
 Sigil of Binding         Hex            0%         N/A       94%         3
 Volatile Blastmotes      Fire/Tloc      0%         2d10      94%         3
 Dimensional Bullseye     Hex/Tloc       0%         N/A       100%        4
 Fulminant Prism          Conj/Hex       0%         3d5       100%        4
 Iskenderun's Mystic Bla  Conj/Tloc      0%         2d3       100%        4
 Leda's Liquefaction      Hex/Erth       0%         N/A       100%        4


Dungeon Overview and Level Annotations

Branches:
Dungeon (5/15)             Temple (1/1) D:5

Altars:
Ashenzari
Cheibriados
Dithmenos
Gozag
Kikubaaqudgha
Makhleb
Nemelex Xobeh
Okawaru
Qazlal
Ru
Sif Muna
Trog
Uskayaw
Vehumet
Wu Jian
Xom
Yredelemnul

Shops:
D:3 !

Annotations:
D:5 Sigmund


Innate Abilities, Weirdness & Mutations

You are a hulking beast.
Your limbs bulge with bestial killing power. (Slay +2)
You have a pair of antennae on your head.
You regenerate magic rapidly.
You are partially covered in razor-sharp scales. (AC +1, Slay +1)
Spells you cast may paralyse adjacent enemies.


Message History

Sigmund screams, "Don't try to resist!"
Sigmund hits you with a +5 scythe of protection!
You take 7 damage, and have 44/52 hp.
You closely miss Sigmund.
You bump into the rock wall.
Sigmund misses you.
You closely miss Sigmund. You hit Sigmund.
Sigmund is lightly wounded.
Sigmund breathes a few words.
Sigmund's hands start flickering wildly.
Sigmund gestures wildly while chanting.
Sigmund flickers and vanishes!
Deactivating autopickup; reactivate with Ctrl-A.
Something hits you!
You take 11 damage, and have 37/52 hp.
MASSIVE DAMAGE!!
You punch the jelly! The acid corrodes you!
Your hands burn!
The jelly is moderately wounded.
Something hits you. The jelly hits you.
You are splashed with acid!
You take 19 damage, and have 18/52 hp.
MASSIVE DAMAGE!!
A puff of flame appears from out of thin air!
The puff of flame hits you. The jelly attacks as it pursues you!
The jelly hits you but does no damage.
You feel less confused.
You hit the jelly.
Your hands burn!
* * * LOW HITPOINT WARNING * * *
The jelly is heavily wounded.
The jelly hits you but does no damage.
You can now pass through a line of other dancers.
You take 4 damage, and have 16/52 hp.
You hit the jelly.
Your hands burn!
* * * LOW HITPOINT WARNING * * *
The jelly is severely wounded.
Something hits you but does no damage. The jelly hits you but does no damage.
You punch the jelly!
You kill the jelly!
Something hits you!
* * * LOW HITPOINT WARNING * * *
You take 12 damage, and have 4/52 hp.
MASSIVE DAMAGE!!
You miss something. Something hits you!
You die...

.#....# #....#............)...##
.#....####....#............)<...#
.#....#..#....#.....##'######...#
.#....#..#....#.....##.....##...#
.#)...#..'..........#.......#{..#
.').>.####....#.....#.......#...#
.#).......>...#.....#.......#...#
.#........##'##.{...#.......#...#
.#........'.....h...#.......#...#
.#........#.........#.......#
.#........#####..##'#####'###
.#............#..##.####...##
.#............#.............#
####..........#.............#
#..........#..........^..#
#..........##########'#### ##
#..#####.................#


There were no monsters in sight!

Vanquished Creatures
  Prince Ribbit (D:5)
  A phantom (D:5)
  A scorpion (D:5)
  A jelly (D:5)
  A howler monkey (D:5)
  2 orc priests (D:5)
  An iguana (D:4)
  7 gnolls
  6 adders
  An ufetubus (D:4)
  2 worms
  2 dart slugs
  11 orcs
  3 bats (D:2)
  7 endoplasms
  6 giant cockroaches
  2 goblins (D:3)
  10 hobgoblins
  4 jackals (D:1)
  A quokka (D:3)
  5 ball pythons
  2 frilled lizards
  4 kobolds
  4 rats
85 creatures vanquished.

Notes
Turn   | Place    | Note
-------+----------+-------------------------------------------
     0 | D:1      | Dirtsage the Demonspawn Shapeshifter began the quest for
                  | the Orb.
     0 | D:1      | Reached XP level 1. HP: 15/15 MP: 1/1
   199 | D:1      | Found a faded altar of an unknown god.
   205 | D:1      | Reached skill level 3 in Unarmed Combat
   205 | D:1      | Gained mutation: You are partially covered in razor-sharp
                  | scales. (AC +1, Slay +1) [demonic ancestry]
   205 | D:1      | Reached XP level 2. HP: 17/21 MP: 2/2
   635 | D:2      | Gained mutation: You have a pair of small antennae on your
                  | head. [demonic ancestry]
   635 | D:2      | Reached XP level 3. HP: 18/26 MP: 3/3
  1012 | D:2      | Gained mutation: You regenerate magic rapidly. [demonic
                  | ancestry]
  1012 | D:2      | Reached XP level 4. HP: 28/33 MP: 4/4
  1320 | D:3      | Found a sparkling altar of Nemelex Xobeh.
  1320 | D:3      | Found a broken altar of Ashenzari.
  1422 | D:3      | Found Mayvoril's Distillery.
  1443 | D:3      | Bought a potion of heal wounds for 65 gold pieces
  1443 | D:3      | Bought a potion of heal wounds for 65 gold pieces
  1679 | D:3      | Found a shadowy altar of Dithmenos.
  1680 | D:3      | Found an ornate altar of the Wu Jian Council.
  2088 | D:4      | Reached skill level 4 in Unarmed Combat
  2232 | D:4      | Reached XP level 5. HP: 39/39 MP: 5/5
  2342 | D:4      | Reached skill level 1 in Shields
  2525 | D:5      | Entered Level 5 of the Dungeon
  2594 | D:5      | Gained mutation: You have a pair of antennae on your head.
                  | [demonic ancestry]
  2594 | D:5      | Reached XP level 6. HP: 46/46 MP: 6/6
  2821 | D:5      | Found a staircase to the Ecumenical Temple.
  2828 | Temple   | Entered the Ecumenical Temple
  2845 | Temple   | Became a worshipper of Uskayaw the Reveller
  2871 | D:5      | Reached * piety under Uskayaw
  2874 | D:5      | Reached skill level 5 in Unarmed Combat
  2931 | D:5      | Noticed Prince Ribbit
  2947 | D:5      | Reached ** piety under Uskayaw
  2952 | D:5      | Killed Prince Ribbit
  2953 | D:5      | Reached skill level 1 in Invocations
  2953 | D:5      | Gained mutation: Spells you cast may paralyse adjacent
                  | enemies. [demonic ancestry]
  2953 | D:5      | Reached XP level 7. HP: 39/52 MP: 2/8
  3107 | D:5      | Noticed Sigmund
  3131 | D:5      | Slain by Sigmund

Illustrated notes

Levels and vault maps discovered:
D:1:      dpeg_arrival_simpleton_b, layout_basic,
          hellmonk_ecumenical_altar_crossroads
D:2:      layout_rooms
D:3:      layout_basic, grunt_temple_overflow_open, serial_shops,
          shop_fountains, ebering_dispersal_statue_hall
D:4:      layout_rooms, dreamdust_princess_corridor,
          chequers_serial_rivers_small_3
D:5:      layout_gridville, temple_doors_e, uniq_prince_ribbit1, uniq_sigmund
Temple:   nicolae_temple_god_jail

Skill      XL: |  1  2  3  4  5  6  7 |
---------------+----------------------+-----
Unarmed Combat | 3 4 5 |  5.5
Shapeshifting  | 3 4 |  4.0
Fighting       | 2 3 |  3.6
Shields        | 1 2 |  2.3
Invocations    | 1 |  1.9
Dodging        | |  1.7

Action                     |  1- 3 |  4- 6 |  7- 9 || total
---------------------------+-------+-------+-------++-------
  Melee: Unarmed           |    94 |   198 |    16 ||   308
 Invoke: Line Pass         |       |     1 |       ||     1
 Armour: Animal skin       |    10 |       |       ||    10
         Leather armour    |    15 |       |       ||    15
         Ring mail         |    11 |   102 |    19 ||   132
  Dodge: Dodged            |    48 |    99 |     4 ||   151
  Block: Buckler           |       |    39 |     3 ||    42

Table legend: (Time is in decaauts)
 A = Elapsed time spent in this place.
 B = Non-inter-level travel time spent in this place.
 C = Inter-level travel time spent in this place.
 D = Time resting spent in this place.
 E = Time spent auto-exploring this place.
 F = Levels seen in this place.
 G = Mean time per level.
                   A        B        C        D        E       F      G
               +--------+--------+--------+--------+--------+-----+--------+
         Total |   3117 |   2998 |    119 |      0 |   2199 |   6 |  519.5 |
       Dungeon |   3089 |   2979 |    110 |      0 |   2199 |   5 |  617.8 |
        Temple |     27 |     18 |      9 |      0 |      0 |   1 |   27.0 |
               +--------+--------+--------+--------+--------+-----+--------+

Top non-repeatable levels by time:
     D:3: 836 daAuts
     D:2: 664 daAuts
     D:5: 572 daAuts
     D:1: 527 daAuts
     D:4: 489 daAuts
  Temple: 27 daAuts
